 Dungeon Crawl Stone Soup version 0.29.1-1-gd02db6906a (webtiles) character file.

Game seed: 571508932526445156

61 drewk1942 the Sneak (level 4, -2/27 HPs)
             Began as a Kobold Brigand on Oct 7, 2022.
             Slain by an ogre
             ... wielding a +0 giant spiked club
              (13 damage)
             ... on level 3 of the Dungeon.
             The game lasted 00:05:52 (2400 turns).

drewk1942 the Sneak (Kobold Brigand)                Turns: 2400, Time: 00:05:53

Health: -2/27      AC:  3    Str:  8    XL:     4   Next: 27%
Magic:  4/4        EV: 15    Int: 12    God:
Gold:   123        SH:  0    Dex: 18    Spells: 0/3 levels left

rFire   . . .      SeeInvis .   a - +2 dagger
rCold   . . .      Faith    .   (no shield)
rNeg    . . .      Spirit   .   b - +0 robe
rPois   .          Reflect  .   (no helmet)
rElec   .          Harm     .   c - +0 cloak
rCorr   .          Rampage  .   (no gloves)
Will    .....                   (no boots)
Stlth   ++++......              (no amulet)
HPRegen 0.09/turn               (no ring)
MPRegen 0.09/turn               (no ring)

@: no status effects
A: small, no large weapons, nightstalker 3
a: no special abilities


You were on level 3 of the Dungeon.
You visited 1 branch of the dungeon, and saw 3 of its levels.

You collected 123 gold pieces.

Inventory:

Hand Weapons
 a - a +2 dagger (weapon)
Missiles
 d - 11 poisoned darts (quivered)
 e - 3 curare-tipped darts
 r - 6 stones
Armour
 b - a +0 robe (worn)
 c - a +0 cloak (worn)
Wands
 t - a wand of charming (9)
Scrolls
 f - a scroll of enchant weapon {unknown}
 g - a scroll of fog {unknown}
 h - a scroll of vulnerability {unknown}
 i - a scroll of enchant armour {unknown}
 k - a scroll of identify {unknown}
 m - 2 scrolls of immolation {unknown}
 p - a scroll of teleportation {unknown}
 u - 2 scrolls of noise {unknown}
Potions
 j - 2 potions of haste {unknown}
 l - a potion of flight {unknown}
 n - a potion of brilliance {unknown}
 o - a potion of magic {unknown}
 q - a potion of degeneration {unknown}
 s - a potion of heal wounds {unknown}
 v - 2 potions of might {unknown}
 w - a potion of curing {unknown}


   Skills:
 + Level 2.8 Fighting
 + Level 3.3 Short Blades
 + Level 2.7 Throwing
 + Level 2.1 Dodging
 * Level 6.0 Stealth
 + Level 0.0 Conjurations
 + Level 0.0 Air Magic
 + Level 0.2 Poison Magic


You couldn't memorise any spells.
You knew the following spells:

 Your Spells              Type           Power      Damage    Failure   Level
a - Mephitic Cloud        Conj/Pois/Air  0%         N/A       67%         3

Your spell library contained the following spells:

 Spells                   Type           Power      Damage    Failure   Level
 Magic Dart               Conj           0%         1d3       32%         1
 Call Imp                 Summ           0%         N/A       45%         2
 Fulminant Prism          Conj/Hex       0%         3d6       97%         4
 Iskenderun's Mystic Bla  Conj/Tloc      0%         2d3       97%         4
 Lee's Rapid Deconstruct  Erth           0%         3d5*      100%        5


Dungeon Overview and Level Annotations

Branches:
Dungeon (3/15)

Altars:

Annotations:
D:2 1 runed translucent door, Crazy Yiuf


Innate Abilities, Weirdness & Mutations

You are small and have problems with some larger weapons.
You are completely attuned to the shadows.


Message History

There is a large open door here.
You see here a +0 quarterstaff.
There is a large open door here.
You see here a +0 short sword.
Could not explore, unopened runed door.
Could not explore, unopened runed door.
(D) Dungeon
Where to? (Enter - D:2, ? - help)
There is a stone staircase leading down here.
You climb downwards.
You hear the sound of rushing water.
There is an entrance to a sewer on this level.
Hurry and find it before the portal rusts away!
There is a stone staircase leading up here.
Found a mace.
An ogre comes into view. It is wielding a +0 giant spiked club.
The ogre shouts!
You hit the ogre.
The ogre is lightly wounded.
The ogre attacks as you move away!
The ogre hits you with a +0 giant spiked club!
Ouch! That really hurt!
The ogre attacks as you move away! The ogre completely misses you.
Throw: 12 darts (poison)
Press: ? - help, Q - select action, (/) - cycle Shift-Dir - straight line, f - ogre
Aim: an ogre, wielding a +0 giant spiked club (lightly wounded, 77% to hit)
You throw a poisoned dart. The poisoned dart hits the ogre.
The ogre is poisoned.
The ogre is lightly wounded.
There is a stone staircase leading up here.
The ogre attacks as you move away! The ogre misses you.
A worm comes into view.
The ogre looks more healthy.
The worm moves out of view.
You hit the worm.
The worm is moderately wounded.
The ogre closely misses you. The worm misses you. The worm bites you.
The ogre attacks as you move away!
The ogre hits you with a +0 giant spiked club!
You die...

#############
####.........@w##
..........####O.##..
####.##.<...#.......
#.##.....##...###
#(#..........##
#.#......#####
#........#
##..##.### #.)##.#


You could see an ogre and a worm.

Vanquished Creatures
  An adder (D:2)
  An orc (D:2)
  6 ball pythons
  4 bats
  4 endoplasms
  2 giant cockroaches (D:1)
  7 goblins
  6 hobgoblins
  5 quokkas
  2 frilled lizards (D:1)
  5 kobolds
  4 rats
47 creatures vanquished.

Vanquished Creatures (others)
  3 plants (D:1)
3 creatures vanquished.

Grand Total: 50 creatures vanquished

Notes
Turn   | Place    | Note
-------+----------+-------------------------------------------
     0 | D:1      | drewk1942 the Kobold Brigand began the quest for the Orb.
     0 | D:1      | Reached XP level 1. HP: 12/12 MP: 1/1
   302 | D:1      | Reached XP level 2. HP: 18/18 MP: 2/2
   437 | D:1      | Noticed a floating eye
   438 | D:1      | Found a faded altar of an unknown god.
   438 | D:1      | Noticed an eye of devastation
   442 | D:1      | Noticed an eye of devastation
   524 | D:1      | Noticed a golden eye
   535 | D:1      | Reached XP level 3. HP: 13/22 MP: 3/3
  1278 | D:2      | Reached XP level 4. HP: 12/27 MP: 4/4
  1288 | D:2      | Learned a level 3 spell: Mephitic Cloud
  1723 | D:2      | Reached skill level 6 in Stealth
  2213 | D:2      | Found a runed translucent door.
  2216 | D:2      | Noticed Crazy Yiuf
  2374 | D:3      | Noticed an ogre
  2400 | D:3      | Slain by an ogre

Illustrated notes

Levels and vault maps discovered:
D:1:      dpeg_arrival_shelter, layout_loops_ring, serial_forest,
          infiniplex_forest_lined_2, infiniplex_forest_lined_2,
          infiniplex_forest_diagonal, infiniplex_forest_straight_2,
          infiniplex_forest_clump_tiny, infiniplex_forest_straight_1,
          infiniplex_forest_clump_small, infiniplex_forest_clump_small,
          hellmonk_ecumenical_altar_watching_god, kennysheep_nondescript
D:2:      kennysheep_big_flooded_room, layout_basic, minmay_tromino_i4,
          uniq_crazy_yiuf_cottage
D:3:      minmay_inner_zag, layout_loops_ring,
          gammafunk_temple_overflow_forgotten, mainiacjoe_overflow_brackets,
          portal_sewer_entry_f

Skill      XL: |  1  2  3  4 |
---------------+-------------+-----
Short Blades   | 3 |  3.3
Dodging        | 2 |  2.1
Stealth        | 6 |  6.0
Fighting       | |  2.8
Throwing       | |  2.7
Poison Magic   | |  0.2

Action                   |  1- 3 |  4- 6 || total
-------------------------+-------+-------++-------
Melee: Dagger            |    73 |    29 ||   102
       Punch             |       |     2 ||     2
Throw: Dart              |    28 |     2 ||    30
 Stab: Sleeping          |     9 |     4 ||    13
       Distracted        |       |     1 ||     1
Armor: Robe              |     5 |     4 ||     9
Dodge: Dodged            |    61 |    16 ||    77
